Cogmind - Beta 15 @@@ ROGUE MODE // 2025.05.16 @ 01:22:58 Player: Darcyisverycute Result: Destroyed self with Grenade Launcher Performance ------------- Evolutions (0) 0 Regions Visited (2) 400 Robots Destroyed (30) 150 Value Destroyed (530) 530 Prototype IDs (0) 0 Alien Tech Used (0) 0 Bonus (0) 0 TOTAL SCORE: 1080 Bonus ------- None Cogmind --------- Core Integrity 0/250 Matter 181/300 Energy 100/100 System Corruption 7% Temperature Cool (0) Movement Core (750) Ox14 Location -10/Subcaves Parts ------- > --- POWER (1) -------- (None) > --- PROPULSION (2) --- (None) > --- UTILITY (2) ------ High-capacity Storage Unit Seismic Detector > --- WEAPON (2) ------- Grenade Launcher > --- INVENTORY (20) --- Ion Engine Light Ion Engine Light Ion Engine Subdweller Monowheel Disposable Heat Sink Medium Storage Unit Medium Battery (150) Medium Matter Pod (76) Sensor Array Improved Terrain Scanner Rocket Launcher Rocket Launcher Rocket Launcher Rocket Launcher Peak State ------------ > --- POWER ------------ Ion Engine > --- PROPULSION ------- Light Treads Light Treads > --- UTILITY ---------- High-capacity Storage Unit Seismic Detector > --- WEAPON ----------- EM Pulse Gun EM Pulse Gun > --- INVENTORY -------- Ion Engine Light Ion Engine Light Ion Engine Light Treads Light Treads Medium Storage Unit Medium Battery Medium Matter Pod Sensor Array Improved Terrain Scanner EM Pulse Gun Assault Rifle Grenade Launcher Rocket Launcher Rocket Launcher Rocket Launcher [Rating: 9] Favorites ----------- Power Ion Engine Engine Ion Engine Propulsion Light Treads Treads Light Treads Utility Seismic Detector Device Seismic Detector Storage High-capacity Storage Unit Weapon EM Pulse Gun Energy Gun EM Pulse Gun Ballistic Gun Assault Rifle Launcher Grenade Launcher Build | -11 -10 -10 ------- Run | Yrd Mat Sub Slots Evolved . | . . . Power . | . . . Propulsion . | . . . Utility . | . . . Weapon . | . . . Parts Attached 14 | 7 2 5 Power 1 | 1 . . Engine 1 | 1 . . Core . | . . . Reactor . | . . . Propulsion 4 | 2 . 2 Treads 4 | 2 . 2 Leg . | . . . Wheel . | . . . Hover . | . . . Flight . | . . . Utility 4 | 2 2 . Device 1 | 1 . . Storage 3 | 1 2 . Processor . | . . . Hackware . | . . . Protection . | . . . Artifact . | . . . Weapon 5 | 2 . 3 Energy Gun 3 | 2 . 1 Energy Cannon . | . . . Ballistic Gun 1 | . . 1 Ballistic Cannon . | . . . Launcher 1 | . . 1 Special Weapon . | . . . Impact Weapon . | . . . Slashing Weapon . | . . . Piercing Weapon . | . . . Special Melee Weapon . | . . . Unidentified Prototypes . | . . . Corrupted Parts 1 | . . 1 System Corruption 6 | . . 6 Parts Lost 9 | . . 9 Power 1 | . . 1 Propulsion 4 | . . 4 Utility . | . . . Weapon 4 | . . 4 Highest Loss Streak 5 | . . 5 To Critical Strikes . | . . . Average Backups 10 | 1 9 15 Power 1 | . 1 3 Propulsion 1 | . 1 1 Utility 3 | . 3 5 Weapon 3 | . 3 5 Tool/Special . | . . . Unused Backups 14 | . 1 13 Power 3 | . . 3 Propulsion 1 | . . 1 Utility 5 | . . 5 Weapon 5 | . 1 4 Tool/Special . | . . . Average Slot Usage (%) 96 | . 99 86 Engine 12 | . 14 6 Treads 27 | . 28 25 Device 14 | . 14 14 Storage 14 | . 14 14 Energy Gun 24 | . 27 15 Ballistic Gun 1 | . . 7 Peak Build Rating 9 | 7 9 9 Average Rating 7 | 5 7 8 On Entrance 5 | . 7 9 Naked Turns . | . . . Heaviest Build 50 | 15 50 50 Greatest Support 40 | 40 40 40 Greatest Overweight (x) 2 | . 1 2 Average Overweight (x) . | . . 1 Largest Inventory Capacity 20 | 8 20 20 Average Capacity 14 | 6 13 20 Most Carried 17 | 3 17 17 Average Carried 10 | 1 9 15 Final Capacity 20 | 8 20 20 Final Carried 17 | 3 17 14 Class Distribution -------------------- 100% | Mutant Dominant Class ---------------- Mutant | -10/Materials Mutant | -10/Subcaves Resources | -11 -10 -10 ----------- Run | Yrd Mat Sub Matter Collected 431 | 259 31 141 Remotely . | . . . Salvage Created 851 | 85 603 163 Parts 60 | 8 37 15 Haulers Intercepted 1 | . 1 . Recyclers Shooed . | . . . Parts Field Recycled . | . . . Retrieved Matter . | . . . Parts Self-Destructed 8 | . . 8 Prevented 1 | . . 1 Kills | -11 -10 -10 ------- Run | Yrd Mat Sub Combat Hostiles Destroyed 22 | . 14 8 Guns 15 | . 12 3 AOE 7 | . 2 5 Classes Destroyed 9 | 2 6 1 Worker 1 | . 1 . Builder 1 | . 1 . Tunneler 2 | 1 1 . Hauler 1 | . 1 . Recycler 2 | 1 1 . Watcher 1 | . 1 . Swarmer 13 | . 9 4 Grunt 5 | . 5 . Subdweller 4 | . . 4 Best Kill Streak 4 | 2 4 4 Combat Bots Only 4 | . 3 4 Max Kills in Single Turn 3 | 1 2 3 Gunslinging . | . . . Exploded 2 | . 1 2 Melee . | . . . Uniques/NPCs Destroyed . | . . . Combat | -11 -10 -10 -------- Run | Yrd Mat Sub Hostile Shots Fired 100 | . 34 66 Missed 31 | . 10 21 Hits 69 | . 24 45 Projectile 69 | . 24 45 Damage Taken 1216 | . 306 910 Core 254 | . 39 215 Absorbed by Shields . | . . . Core Remaining (%) 100 | 100 . . Volleys Fired 67 | 3 38 26 Largest 2 | 2 2 2 Hottest 80 | 80 80 80 Shots Fired 122 | 6 76 40 Gun 112 | 6 76 30 Cannon . | . . . Launcher 10 | . . 10 Special . | . . . Kinetic 13 | . . 13 Thermal . | . . . Explosive 10 | . . 10 Electromagnetic 99 | 6 76 17 Robot Hit Streak 21 | 2 11 21 Robot Miss Streak 4 | 1 4 1 Penetration Max . | . . . Secondary Targets . | . . . Shots Hit Robots 77 | 4 40 33 Core Hits 43 | 3 22 18 Critical Kills . | . . . Critical Parts Destroyed 1 | . . 1 Critical Strikes 3 | 1 1 1 Destroy 1 | . . 1 Corrupt 2 | 1 1 . Melee Attacks . | . . . Impact . | . . . Slashing . | . . . Piercing . | . . . Sneak Attacks . | . . . Combat Hostiles . | . . . Follow-up Attacks . | . . . Damage Inflicted 1472 | 52 724 696 Guns 861 | 52 555 254 Cannons . | . . . Explosions 610 | . 168 442 Melee . | . . . Ramming 1 | . 1 . Kinetic 108 | . . 108 Thermal 168 | . 168 . Explosive 442 | . . 442 Electromagnetic 753 | 52 555 146 Impact . | . . . Slashing . | . . . Piercing . | . . . Highest Corruption 7 | . 1 7 Average Corruption 1 | . 1 3 Corruption Purged . | . . . Corruption Blocked . | . . . Effects 15 | . 9 6 Message Errors 3 | . 2 1 Matter Fused 1 | . . 1 Heat Flow Errors 3 | . 2 1 Energy Discharges 1 | . . 1 Parts Rejected 1 | . 1 . Data Loss (minor) 1 | . . 1 Data Loss (major) 2 | . 2 . Misfires 1 | . 1 . Alerts 1 | . 1 . Weapon Failures 1 | . . 1 Overload Shots . | . . . Overflow Damage 6 | . . 6 Projectiles . | . . . Explosions 6 | . . 6 Melee . | . . . Knockbacks . | . . . Impact . | . . . Kinetic . | . . . Secondary . | . . . Self-Inflicted Damage 208 | . 65 143 Shots 9 | . 3 6 Rammed 2 | . 2 . Targets Rammed 2 | . 2 . Kicked . | . . . Crushed . | . . . Highest Temperature 191 | 36 191 117 Average Temperature 60 | 18 62 73 Received Heat Transfer 228 | . 54 174 Siege Activations . | . . . Martial Activations . | . . . Shielding Activations . | . . . Robots Disrupted . | . . . Combat Hostiles . | . . . Robots Corrupted 1 | . 1 . Combat Hostiles . | . . . Parts Fried 1 | . 1 . Impact Corruptions . | . . . Robots Melted . | . . . Combat Hostiles . | . . . Parts Melted 1 | . . 1 Heat Transferred 200 | . 200 . Parts Sabotaged . | . . . Parts Stolen . | . . . Parts Stripped . | . . . Power Chain Reactions 3 | . 3 . Alert | -11 -10 -10 ------- Run | Yrd Mat Sub Maximum Alert Level 1 | . 1 . Low Security (%) 83 | 100 81 . Level 1 16 | . 18 . Level 2 . | . . . Level 3 . | . . . Level 4 . | . . . Level 5 . | . . . High Security . | . . . Max Security . | . . . Peak Influence 259 | 10 259 . Initial . | . . . Average 125 | . 137 . Influence Increases 728 | 10 503 215 Destroy 0b10 Robot/C 360 | . 280 80 Destroy 0b10 Robot/NC 40 | 10 30 . Destroy Leader 64 | . 64 . Successful Hack 27 | . 27 . Select Force Hacks 60 | . 60 . Disable Machine 30 | . 30 . Destroy Structure 12 | . 12 . Lose Combat Pursuer 135 | . . 135 Influence Decreases 583 | 10 406 167 Entered New Map 47 | . . 47 Time Decay 486 | 10 406 70 Lost Part 50 | . . 50 Squads Dispatched 4 | . 4 . Investigation 2 | . 2 . Extermination . | . . . Reinforcement 2 | . 2 . Assault . | . . . Garrison . | . . . Intercept . | . . . Searches Triggered . | . . . Construction Impeded . | . . . Haulers Reinforced . | . . . Active Scanning Responses . | . . . Cargo Convoy Interrupts . | . . . Stealth | -11 -10 -10 --------- Run | Yrd Mat Sub Distress Signals 2 | . 2 . Communications Jammed . | . . . Distress Signals . | . . . Times Spotted 32 | . 22 10 Peak Tracking Total 5 | . 5 4 Tactical Retreats 2 | . . 2 Traps | -11 -10 -10 ------- Run | Yrd Mat Sub Traps Triggered 1 | . 1 . Indirectly . | . . . Trap Hack Attempts . | . . . Triggered . | . . . Disarmed . | . . . Reprogrammed . | . . . Reused . | . . . Traps Extracted . | . . . Installed . | . . . Triggered . | . . . Machines | -11 -10 -10 ---------- Run | Yrd Mat Sub Machines Disabled 4 | . 2 2 Max in Single Turn 1 | . 1 1 Machines Repaired . | . . . Machines Dismantled . | . . . Machines Sabotaged . | . . . Overloaded Fab Kills . | . . . Hacking | -11 -10 -10 --------- Run | Yrd Mat Sub Machines Accessed 6 | . 6 . Terminals 4 | . 4 . Fabricators . | . . . Repair Stations . | . . . Recycling Units 2 | . 2 . Scanalyzers . | . . . Garrison Access . | . . . Total Hacks 15 | . 15 . Successful 7 | . 7 . Failed 8 | . 8 . Catastrophic 1 | . 1 . Database Lockouts . | . . . Manual 11 | . 11 . Terminals 12 | . 12 . Fabricators . | . . . Repair Stations . | . . . Recycling Units 3 | . 3 . Scanalyzers . | . . . Garrison Access . | . . . Terminal Hacks 4 | . 4 . Robot Analysis 1 | . 1 . Locate Traps 1 | . 1 . Maintenance Status 1 | . 1 . Recall Investigation 1 | . 1 . Fabricator Hacks . | . . . Repair Station Hacks . | . . . Recycling Unit Hacks . | . . . Scanalyzer . | . . . Garrison Access Hacks . | . . . Unauthorized Hacks 2 | . 2 . Terminals . | . . . Fabricators . | . . . Repair Stations . | . . . Recycling Units 2 | . 2 . Tunnel 2 | . 2 . Scanalyzers . | . . . Garrison Access . | . . . Data Cores Recovered . | . . . Used . | . . . Hacking Detections 3 | . 3 . Full Trace Events 1 | . 1 . Feedback Events . | . . . Feedback Blocked . | . . . Robot Schematics Acquired . | . . . Robots Built . | . . . Authchips . | . . . Time . | . . . Total Robot Build Rating . | . . . Part Schematics Acquired . | . . . Parts Built . | . . . Authchips . | . . . Time . | . . . Total Part Build Rating . | . . . Parts Repaired . | . . . Time . | . . . Parts Recycled . | . . . Recycled Matter . | . . . Retrieved Matter . | . . . Retrieved Components . | . . . Parts Scanalyzed . | . . . Part Schematics Acquired . | . . . Parts Damaged . | . . . Bothacking | -11 -10 -10 ------------ Run | Yrd Mat Sub Used RIF Installer . | . . . Robots Hacked . | . . . Non-combat . | . . . Combat . | . . . Robot Hacks Applied . | . . . Relay Couplers Released . | . . . Fabnet Peak Effective % . | . . . Robots Rewired . | . . . Allies Hacked . | . . . Hacks Repelled . | . . . Allies | -11 -10 -10 -------- Run | Yrd Mat Sub Total Allies . | . . . Largest Group . | . . . Highest-Rated Group . | . . . Highest-Rated Ally . | . . . Total Orders . | . . . Ally Attacks . | . . . Total Damage . | . . . Kills . | . . . Allies Corrupted . | . . . Allies Melted . | . . . Intel | -11 -10 -10 ------- Run | Yrd Mat Sub Active Infowar (turns) 1357 | 32 1013 312 Seismic 1357 | 32 1013 312 Robot Analysis Total 1 | . 1 . Derelict Logs Recovered . | . . . Drone Launches . | . . . Drone Recoveries . | . . . Exploration | -11 -10 -10 ------------- Run | Yrd Mat Sub Turns Passed 1420 | 95 1013 312 Spaces Moved 571 | 48 426 97 Core 4 | 4 . . Treads 567 | 44 426 97 Legs . | . . . Wheels . | . . . Hover . | . . . Flight . | . . . Fastest Speed 50 | 50 160 240 Average Speed 193 | 150 186 242 Slowest Speed 320 | 160 240 320 Overloaded Moves . | . . . Propulsion Burnouts . | . . . Robots Hopped . | . . . Potential Cave-ins . | . . . Cave-ins Triggered . | . . . Exploration Rate (%) 29 | 3 75 9 Regions Visited 2 Branch Regions 1 Pre-discovered Areas 2 | . 2 . Known Exits Taken . | . . . Unknown Exits Taken 2 | 1 1 . Scrap Searched . | . . . Spaces Dug . | . . . Terrain Destroyed 40 | . 12 28 Melee . | . . . Projectile . | . . . AOE 40 | . 12 28 Terrain Rammed . | . . . Walls Destroyed . | . . . Machines Disabled . | . . . Actions | -11 -10 -10 --------- Run | Yrd Mat Sub Total 764 | 61 570 133 Wait 88 | 1 86 1 Move 569 | 47 425 97 Hop . | . . . Pick Up 19 | 3 14 2 Fast Attach 8 | 7 1 . Attach 5 | . . 5 Detach . | . . . Swap 4 | . 2 2 Drop 2 | . 2 . Fire 67 | 3 38 26 Melee . | . . . Ram . | . . . Kick . | . . . Crush 2 | . 2 . Escape Stasis . | . . . Rewire . | . . . Trap . | . . . Miscellaneous . | . . . Route ------- -11/Scrapyard -10/Materials (discovered 4 exits: [*Mat x2] / [*Min] / [*Sub]) -10/Subcaves (discovered 1 exit: [*Rec]) History --------- Turn | Location | Event 36 | -11/Scrapyard | Discovered new exit (range 16) 96 | -11/Scrapyard | Entered Materials 306 | -10/Materials | Build established: Mutant 388 | -10/Materials | Discovered new exit (range 12) 677 | -10/Materials | Discovered new exit (range 10) 997 | -10/Materials | Discovered new exit (range 16) 1097 | -10/Materials | Discovered new exit (range 7) 1109 | -10/Materials | Entered Subcaves 1110 | -10/Subcaves | Approached by a straggling Scientist 1279 | -10/Subcaves | Lost 5 parts (1p2n2w) 1357 | -10/Subcaves | Discovered new exit (range 14) 1361 | -10/Subcaves | Core integrity fell below 50% 1373 | -10/Subcaves | Ambushed by Subdweller buried in earth 1415 | -10/Subcaves | Core integrity fell below 20% 1421 | -10/Subcaves | Destroyed self with Grenade Launcher Last Messages --------------- 01375_ Flight Unit fries itself beyond repair. 01375_ Machine disabled. 01376_ HYWDVZI3892YG/ED8Z7XE%%FBH/Q,ERE 01376_ 3M-9IT(R): "ARGHSUB!" 01381_ Subatomizers dissect the Lgt. Ion Engine. 01385_ The unstable cave ceiling collapses. 01393_ Acquired 7 matter. 01398_ System corrupted: Matter fused (-10). 01404_ Assault Rifle destroyed. 01408_ Subatomizers dissect the Lgt. Ion Engine. 01408_ JG-FWW(O) collects matter. 01411_ System corrupted: Grenade Launcher failed to launch. 01412_ Lgt. Treads destroyed. 01415_ 3M-9IT(R) destroyed. 01418_ The unstable cave ceiling collapses. 01419_ Destroyed Scrap Shield. 01419_ Lgt. Treads destroyed. 01419_ Destroyed Lgt. Treads. 01421_ 3E-ASI(R) destroyed. Map ----- +----------------------------------------------------+ | ?????????????????????????????????????????????????? | | ?????????????????????????????????????????????????? | | ?????????????????????????????????????????????????? | | ?????????????????????????????????????????????????? | | ?????????????????????????????????????????????????? | | ?????????????????????????????????????????????????? | | ?????????????????????????????????????????????????? | | ?????????????????????????????????????????????????? | | ?????????????????????????????????????????????????? | | ?????????????????????????????????????????????????? | | ????????????????????????"" ??????????????????????? | | ???????????????????????# #??????????????????????? | | ???????????????????????# #??????????????????????? | | ??????????????????????## ##?????????????????????? | | ??????????????????????# ?????##???????????????? | | ?????????????######??? ????? #???????????????? | | ?????????????# #??? #???? ????????????????? | | ?????????????? ??? #???? #????????????????? | | ???????????????? ???# #??? ##???????????????? | | ?????????????????# ####% #?## #???????????????? | | ?????????????????# ## #?#?????????????? | | ??????????????????# # #????????????? | | ?????????????????## % # #????????????? | | ????????????????## & ""???????????? | | ???????????????## [ # "#??????????? | | ?????##???????## @ "#??????????? | | ????# ???????# # "#??????????? | | ?### #???????## ## <#?????????? | | ## #????????## #??? % "##?????????? | | # ?????????# ##????? "#??????????? | | # ??????????# #???????? "???????????? | | # ???????????##" #?????????? #??????????? | | # #????????????#### " " #??????????????????????? | | ####?###?####???### ##??????????????????????? | | ### ### ##????# #??????????????????????? | | ## &! ###### #??????????????????????? | | # ## """##?????????????????????? | | "## " "" "##????????????????????? | | ####" """ " " #????????????????????? | | ######?# "" "" "" #????????????????????? | | ##?????# "" ""###"" #????????????????????? | | #######??????# "" ##?#" #???????????????????? | | ?????????????# "##??# ""#??????????????????? | | ?????????????# """##???" ""#??????????????????? | | ????????????? " ????? ""#??????????????????? | | ????????????? ? #?????" ##"""??????????????????? | | ???????????? ????????""##?#"???????????????????? | | ????????????# ???????? "????????????????????????? | | ????????????##???????????????????????????????????? | | ?????????????????????????????????????????????????? | +----------------------------------------------------+ Best States ------------- Heat Dissipation 25 Energy Generation 10 Energy Capacity 250 Matter Stores 300 Matter Capacity 300 Sight Range 16 Terrain Scan Density 10 Evasion (%) 40 Recoil Reduction 2 Item Schematics ----------------- None Robot Schematics ------------------ None Fabricated ------------ Nothing Repaired ---------- Nothing Alien Tech Used ----------------- None Achievements -------------- None Challenges ------------ None Game ------ Seed CargoChargeDissipator Manual? 1 Play Time 00:09:09 Cumulative 203.4 hours Start 2025.05.16 @ 01:14:44 End 2025.05.16 @ 01:22:58 Sessions 1 Manual Loads 0 Difficulty Rogue Special Mode None Game No. 110 Rogue 102 Adventurer 8 Explorer 0 Win Type - Total 6 Types 2/0/2/1/0/0/0/0/0/1 Lore% 79 Gallery% 74 Achievement% 62 Wizard Run 0 Options --------- Layout 2 ASCII 0 Keyboard 1 Movement Numpad Keybinds 1 Fullscreen 1 Font 48/Smallcaps Map View 50x44 Zoom Use 0% Tactical HUD 1 Map Filters NONE Filters NONE Steam 1 RUN: cfd634ff-b0b0-4ba0-a210-6a3ae8e61197